 Dungeon Crawl Stone Soup version 0.29.1-14-g9c671dbff4 (webtiles) character file.

Game seed: 521807014243732540

166945 LSt the Nimble (level 17, -1/138 HPs)
             Began as a Gnoll Monk on Feb 8, 2023.
             Was the Champion of Cheibriados.
             Slain by a frost giant
             ... wielding a +2 battleaxe of freezing
              (27 damage)
             ... on level 2 of the Shoals on Feb 13, 2023.
             The game lasted 03:52:00 (26120 turns).

LSt the Nimble (Gnoll Monk)                        Turns: 26120, Time: 03:52:01

Health: -1/138     AC: 21    Str: 33    XL:     17   Next: 91%
Magic:  28/33      EV: 29    Int: 24    God:    Cheibriados [******]
Gold:   3028       SH: 17    Dex: 37    Spells: 7/40 levels left

rFire   x . .      SeeInvis .   a - +8 demon blade "Leech" {vamp, Harm Drain rN+}
rCold   + . .      Faith    .   P - +0 kite shield
rNeg    + . .      Spirit   .   e - +2 swamp dragon scales
rPois   +          Reflect  .   g - +2 hat
rElec   .          Harm     +   Q - +0 cloak
rCorr   .          Rampage  .   F - +0 pair of gloves
Will    +....                   L - +2 pair of boots
Stlth   ++++++....              k - amulet of regeneration
HPRegen 1.13/turn               f - +6 ring of dexterity
MPRegen 0.23/turn               R - ring of ice

@: very slow
A: fangs 1, strong nose, distributed training
a: Renounce Religion, Bend Time, Temporal Distortion, Slouch, Step From Time


You were on level 2 of the Shoals.
You worshipped Cheibriados.
Cheibriados was exalted by your worship.
You visited 6 branches of the dungeon, and saw 29 of its levels.

You collected 3028 gold pieces.

Inventory:

Hand Weapons
 a - the +8 demon blade "Leech" (weapon) {vamp, Harm Drain rN+}
   (You found it on level 15 of the Dungeon)

   It heals its wielder for a portion of the damage dealt every time it strikes
   a living foe.
   rN:        It protects you from negative energy.
   Drain:     It drains your maximum health when unequipped.
   Harm:      It increases damage dealt and taken.
Missiles
 j - 7 throwing nets
 m - 22 boomerangs (quivered)
 M - 7 curare-tipped darts
 Y - 8 atropa-tipped darts
Armour
 e - +2 swamp dragon scales (worn)
 g - a +2 hat (worn)
 o - a +2 leather armour of willpower
 E - +0 ice dragon scales
 F - a +0 pair of gloves (worn)
 L - a +2 pair of boots (worn)
 P - a +0 kite shield (worn)
 Q - a +0 cloak (worn)
Jewellery
 d - the ring "Gucit Sott" {Fire Will+ Int+4}
   (You found it on level 4 of the Lair of Beasts)

   [ring of fire]

   It enhances your fire magic.
   Int:       It affects your intelligence (+4).
   rF:        It protects you from fire.
   rC:        It makes you vulnerable to cold.
   Will:      It increases your willpower.
 f - a +6 ring of dexterity (left hand)
 k - an amulet of regeneration (around neck)
 r - a ring of willpower
 z - a ring of flight
 R - a ring of ice (right hand)
 U - a ring of see invisible
 W - a +6 ring of dexterity
Wands
 c - a wand of digging (3)
 x - a wand of paralysis (6)
 G - a wand of mindburst (6)
 H - a wand of light (2)
 I - a wand of iceblast (15)
 K - a wand of flame (23)
 X - a wand of polymorph (10)
Scrolls
 i - 2 scrolls of amnesia
 n - a scroll of fog
 q - 3 scrolls of summoning
 s - 4 scrolls of magic mapping
 t - 12 scrolls of teleportation
 u - 5 scrolls of vulnerability
 v - 2 scrolls of silence
 w - 4 scrolls of fear
 A - 4 scrolls of blinking
 D - 5 scrolls of immolation
 J - 4 scrolls of poison
 Z - 5 scrolls of identify
Potions
 h - 4 potions of attraction
 l - 9 potions of lignification
 p - 5 potions of might
 y - 6 potions of ambrosia
 B - 3 potions of resistance
 C - 3 potions of invisibility
 N - 3 potions of magic
 O - 12 potions of heal wounds
 S - 9 potions of flight
 T - 14 potions of curing
 V - 4 potions of brilliance
Miscellaneous
 b - a lightning rod (4/4)


   Skills:
 + Level 13.9 Fighting
 + Level 12.4 Short Blades
 + Level 12.4 Long Blades
 + Level 12.4 Axes
 + Level 13.9 Maces & Flails
 + Level 12.4 Polearms
 + Level 12.4 Staves
 + Level 12.4 Ranged Weapons
 + Level 12.4 Throwing
 + Level 12.4 Armour
 + Level 13.9 Dodging
 + Level 13.1 Stealth
 + Level 12.4 Shields
 + Level 12.4 Unarmed Combat
 + Level 12.4 Spellcasting
 + Level 10.5 Conjurations
 + Level 10.5 Hexes
 + Level 10.5 Summonings
 + Level 10.5 Necromancy
 + Level 10.5 Translocations
 + Level 10.5 Transmutations
 + Level 10.5 Fire Magic
 + Level 10.5 Ice Magic
 + Level 10.5 Air Magic
 + Level 10.5 Earth Magic
 + Level 10.5 Poison Magic
 + Level 13.5 Invocations
 + Level 12.4 Evocations


You had 7 spell levels left.
You knew the following spells:

 Your Spells              Type           Power      Damage    Failure   Level
a - Passwall              Tmut/Erth      50%        N/A       1%          2
b - Ensorcelled Hibernat  Hex/Ice        100%       N/A       1%          2
c - Summon Small Mammal   Summ           100%       N/A       1%          1
d - Tukima's Dance        Hex            60%        N/A       1%          3
e - Passage of Golubria   Tloc           60%        N/A       1%          4
f - Animate Armour        Summ/Erth      100%       N/A       1%          4
g - Eringya's Noxious Bo  Tmut/Pois      30%        N/A       22%         6
h - Dispersal             Tloc           30%        N/A       22%         6
i - Yara's Violent Unrav  Hex/Tmut       30%        3d13      3%          5

Your spell library contained the following spells:

 Spells                   Type           Power      Damage    Failure   Level
 Magic Dart               Conj           100%       1d8       1%          1
 Scorch                   Fire           100%       2d10      1%          2
 Searing Ray              Conj           100%       2d8       1%          2
 Static Discharge         Conj/Air       60%        3-11/arc  1%          2
 Call Canine Familiar     Summ           60%        N/A       1%          3
 Dazzling Flash           Conj/Hex       100%       N/A       1%          3
 Frozen Ramparts          Ice            100%       1d16      1%          3
 Gell's Gravitas          Tloc           60%        N/A       1%          3
 Ignite Poison            Fire/Tmut/Pois 60%        N/A       1%          3
 Mephitic Cloud           Conj/Pois/Air  60%        N/A       1%          3
 Stone Arrow              Conj/Erth      100%       3d13      1%          3
 Summon Guardian Golem    Hex/Summ       60%        N/A       1%          3
 Swiftness                Air            60%        N/A       1%          3
 Anguish                  Hex/Necr       30%        N/A       1%          4
 Corpse Rot               Necr/Pois/Air  60%        N/A       1%          4
 Dispel Undead            Necr           60%        3d21      1%          4
 Flame Wave               Conj/Fire      60%        2d14      1%          4
 Fulminant Prism          Conj/Hex       30%        3d16      1%          4
 Ice Form                 Ice/Tmut       78%        N/A       1%          4
 Iskenderun's Mystic Bla  Conj/Tloc      60%        2d13      1%          4
 Petrify                  Tmut/Erth      60%        N/A       1%          4
 Sticky Flame             Conj/Fire      60%        2d8       1%          4
 Summon Ice Beast         Ice/Summ       78%        N/A       1%          4
 Iskenderun's Battlesphe  Conj           60%        2d11      3%          5
 Lee's Rapid Deconstruct  Erth           30%        3d17*     3%          5
 Metabolic Englaciation   Hex/Ice        39%        N/A       3%          5
 Iron Shot                Conj/Erth      30%        9d6       22%         6
 Starburst                Conj/Fire      30%        6d9       22%         6
 Statue Form              Tmut/Erth      40%        N/A       22%         6
 Summon Cactus Giant      Summ           30%        N/A       22%         6
 Enfeeble                 Hex            30%        N/A       75%         7
 Orb of Destruction       Conj           30%        9d10      75%         7
 Spellforged Servitor     Conj/Summ      30%        N/A       75%         7
 Lehudib's Crystal Spear  Conj/Erth      30%        10d8      100%        8


Dungeon Overview and Level Annotations

Branches:
Dungeon (15/15)            Temple (1/1) D:4            Lair (5/5) D:8
 Shoals (2/4) Lair:3       Spider (4/4) Lair:3        Slime (0/5) Lair:5
    Orc (2/2) D:12            Elf (0/3) Orc:2        Vaults (0/5) D:13
 Depths (0/4) D:15

Altars:
Ashenzari
Cheibriados
Dithmenos
Elyvilon
Fedhas
Gozag
Hepliaklqana
Kikubaaqudgha
Makhleb
Nemelex Xobeh
Okawaru
Qazlal
Ru
Sif Muna
Trog
Uskayaw
Vehumet
Wu Jian
Xom
Yredelemnul
Zin
The Shining One
Jiyva
Lugonu

Shops:
D:9 =   D:13 *   Orc:2 [=*[

Portals:
Abyss: Spider:1
Trove: D:15 (give +4 demon trident)

Annotations:
D:14 Roxanne
Lair:4 exclusion: 2 oklob plants
Shoals:2 3 runed translucent doors, xzight's ghost, adept MiBe
Spider:4 Mara


Innate Abilities, Weirdness & Mutations

You have very sharp teeth.
Your uncanny sense of smell can sniff out nearby items.
Your experience applies equally to all skills.


Message History

The manticore simulacrum freezes the plant!
The manticore simulacrum claws the plant!
The manticore simulacrum freezes the plant!
The alligator snapping turtle simulacrum barely misses you.
The frost giant gestures at you while chanting.
The bolt of cold misses you.
You hit the frost giant.
You feel better.
The frost giant is moderately wounded.
You block the sea snake simulacrum's attack.
The merfolk simulacrum hits the plant!
The plant begins to die.
The merfolk simulacrum freezes the plant!
The sea snake simulacrum completely misses you.
Unknown command.
Press: ? - help, v - describe, . - travel
Here: a merfolk simulacrum Some shallow water.
Unknown command.
Activating: Slouch (0% risk of failure)
Press: ? - help, Dir - look around, f - activate You can feel time thicken for a moment.
The sea snake simulacrum vaporises!
Cheibriados appreciates the change of pace.
The harpy simulacrum vaporises!
Cheibriados thoroughly appreciates the change of pace.
A nearby plant withers and dies.
The frost giant hits you with a +2 battleaxe of freezing!
* * * LOW HITPOINT WARNING * * *
The frost giant points at you and mumbles some strange words.
The bolt of cold hits the frost giant!
The frost giant resists.
The bolt of cold misses you.
The bolt of cold hits the sea snake simulacrum.
The sea snake simulacrum completely resists.
The sea snake simulacrum closely misses you.
You block the alligator snapping turtle simulacrum's attack.
The sea snake simulacrum misses you.
The frost giant shouts!
You barely miss the frost giant.
The frost giant is severely wounded.
The frost giant hits you with a +2 battleaxe of freezing!!
You die...

~.........~P~≈~~..#
~~#######........~~PP~.##
~~#[/|?/#...(....~PPP~~~.
~~#~~~ZZ#.......PPPPP~~~.
≈~#~~ZZZ#.....)...P~≈≈~~~
~~#~~~ZZ#.........P~≈≈≈≈≈
≈~#~ZZZZ#......).).~~~~≈≈
≈~##ZZC##.......†)~~~~~~~
≈~~~~ZZC@........~~~~~~~~
≈≈≈≈≈○ZZZZ........~~≈~~~~
≈≈≈≈≈P~Z°.........~≈≈≈~~~
≈≈≈≈≈≈PP~.......~≈≈≈≈≈≈~~
≈≈≈≈≈≈≈~~..~~~..≈≈≈≈≈≈≈~.
≈≈≈≈≈≈~~~~~~~PP≈≈≈≈≈≈≈~..
≈≈≈≈≈≈~~~~)...P≈≈≈≈≈≈≈≈..
≈≈≈≈≈~~~......P≈≈≈≈≈≈≈≈~~
≈≈≈≈≈~~~......~≈≈≈≈≈≈≈~~~


You could see 2 frost giants, 4 sea snake simulacra, 4 death yak simulacra, a
manticore simulacrum, a snapping turtle simulacrum, an alligator snapping turtle
simulacrum, 5 merfolk simulacra, a kraken simulacrum, a faun simulacrum and 2
satyr simulacra.

Vanquished Creatures
  Asterion (Spider:1)
  Frances (Spider:1)
  Kirke (D:15)
  A frost giant (Shoals:2)
  An orc warlord (Orc:2)
  An emperor scorpion (Spider:1)
  Louise (D:15)
  Aizul (Shoals:1)
  A caustic shrike skeleton (D:15)
  A broodmother (Spider:3)
  Nessos (D:15)
  A dire elephant (Lair:5)
  A spark wasp (Spider:3)
  Snorg (D:10)
  Josephine (D:10)
  4 merfolk impalers
  Harold (Lair:1)
  2 vault guards (D:13)
  6 hydras
  An ice dragon (Lair:5)
  2 boulder beetles
  A radroach (Spider:1)
  Erica (Lair:1)
  5 two-headed ogres
  3 catoblepae
  4 merfolk aquamancers
  9 centaur warriors
  6 death yaks
  A merfolk avatar (Shoals:1)
  2 tengu warriors (D:14)
  A titan zombie (D:15)
  A vampire mage (D:15)
  An orc high priest (Orc:2)
  2 pharaoh ants (Spider:2)
  4 steelbarb worms
  A skeletal warrior (D:15)
  9 sea snakes
  2 orb spiders (Spider:1)
  2 sun moths
  A golden dragon zombie (D:15)
  6 orc knights
  4 lindwurms
  A wizard (D:15)
  A necromancer (D:15)
  A deep elf pyromancer (D:13)
  8 orc sorcerers
  15 ugly things
  9 manticores
  5 cyclopes
  A moth of wrath (Spider:1)
  6 wolf spiders
  A faun (Shoals:1)
  Joseph (D:8)
  3 elephants (Lair:5)
  5 black mambas
  A water nymph (Shoals:2)
  3 merfolk sirens
  A gargoyle (D:10)
  12 torpor snails
  3 unseen horrors
  12 cane toads
  14 komodo dragons
  Maggie (D:8)
  8 demonic crawlers
  3 kobold demonologists
  6 rime drakes
  An efreet (D:14)
  A freezing wraith (D:14)
  A guardian mummy (D:15)
  2 queen bees
  6 trolls
  4 meliai
  2 wind drakes
  17 merfolk
  4 tyrant leeches (Lair:5)
  5 hornets
  3 polar bears
  8 slime creatures
  15 blink frogs
  8 tarantellas
  17 dream sheep
  3 snapping turtles
  A spriggan zombie (D:15)
  19 jumping spiders
  4 water elementals
  2 vampires
  9 wyverns
  10 yaks
  6 culicivoras
  6 wraiths
  A shadow (D:10)
  2 hogs (D:15)
  3 humans (D:15)
  Grum (D:10)
  4 basilisks
  30 redbacks
  5 vampire mosquitoes
  A sea snake simulacrum (Shoals:2)
  3 wargs
  A harpy simulacrum (Shoals:2)
  15 water moccasins
  A floating eye (D:10)
  3 black bears
  43 orc warriors
  20 wolves
  5 ogres
  15 centaurs
  A phantom (D:4)
  2 kobold brigands
  10 bullfrogs
  A necrophage (D:5)
  A scorpion (D:4)
  A hornet simulacrum (D:14)
  10 wights
  45 killer bees
  9 howler monkeys
  An electric eel (Spider:3)
  10 hounds
  6 jellies
  17 orc priests
  2 iguanas
  16 orc wizards
  Ijyb (D:5)
  A boggart simulacrum (D:11)
  5 gnolls
  4 adders
  A shadow imp (D:7)
  2 white imps
  A dart slug (D:2)
  80 orcs
  7 bats
  8 endoplasms
  9 giant cockroaches
  5 goblins
  7 hobgoblins
  14 jackals
  17 kobolds
  3 quokkas
  8 ball pythons
  3 frilled lizards
  6 rats
  A lurking horror (Spider:1)
840 creatures vanquished.

Vanquished Creatures (collateral kills)
  The ghost of ripuliukko the Geomancer, a journeyman GrEE of Vehumet (Lair:3)
  2 vault guards (D:13)
  2 hydras
  2 boulder beetles
  2 catoblepae
  A two-headed ogre (D:11)
  A pharaoh ant (Spider:1)
  An orc knight (D:12)
  A manticore (Lair:4)
  2 slime creatures (D:13)
  2 elephants (Lair:5)
  2 black mambas (Lair:4)
  2 gargoyles (D:13)
  An unseen horror (D:11)
  Psyche (D:9)
  3 komodo dragons
  2 torpor snails (Lair:5)
  3 cane toads
  A polar bear (Lair:4)
  2 trolls (D:11)
  2 blink frogs (Lair:3)
  5 hornets
  A tarantella (Spider:2)
  6 dream sheep
  2 culicivoras (Spider:1)
  A wraith (D:10)
  8 yaks
  A redback (Spider:1)
  4 orc warriors
  A gnoll sergeant (D:10)
  7 killer bees
  A howler monkey (D:11)
  An orc priest (Orc:2)
  2 orc wizards
  2 gnolls (D:10)
  11 orcs
  A bat (Orc:1)
90 creatures vanquished.

Vanquished Creatures (others)
  A sea snake (Shoals:1)
  A demonic crawler (Spider:1)
  A dancing weapon (Orc:2)
  25 fungi
  2 lurking horrors (Spider:1)
  107 plants
  5 withered plants (D:15)
142 creatures vanquished.

Grand Total: 1072 creatures vanquished

Notes
Turn   | Place    | Note
-------+----------+-------------------------------------------
     0 | D:1      | LSt the Gnoll Monk began the quest for the Orb.
     0 | D:1      | Reached XP level 1. HP: 23/23 MP: 1/1
     0 | D:1      | Noticed a jelly
     1 | D:1      | Found a runed translucent door.
    84 | D:1      | Reached XP level 2. HP: 29/29 MP: 2/2
   268 | D:1      | Found a faded altar of an unknown god.
   338 | D:1      | Reached XP level 3. HP: 35/35 MP: 3/3
   728 | D:2      | Reached skill level 1 in Invocations
   894 | D:2      | Reached skill level 1 in Short Blades
   894 | D:2      | Reached skill level 1 in Long Blades
   894 | D:2      | Reached skill level 1 in Axes
   894 | D:2      | Reached skill level 1 in Polearms
   894 | D:2      | Reached skill level 1 in Staves
   894 | D:2      | Reached skill level 1 in Ranged Weapons
   894 | D:2      | Reached skill level 1 in Throwing
   894 | D:2      | Reached skill level 1 in Armour
   894 | D:2      | Reached skill level 1 in Shields
   894 | D:2      | Reached skill level 1 in Unarmed Combat
   894 | D:2      | Reached skill level 1 in Spellcasting
   894 | D:2      | Reached skill level 1 in Evocations
   986 | D:2      | Reached XP level 4. HP: 41/41 MP: 5/5
  1316 | D:2      | Found an ancient bone altar of Kikubaaqudgha.
  1640 | D:3      | Reached skill level 1 in Conjurations
  1640 | D:3      | Reached skill level 1 in Hexes
  1640 | D:3      | Reached skill level 1 in Summonings
  1640 | D:3      | Reached skill level 1 in Necromancy
  1640 | D:3      | Reached skill level 1 in Translocations
  1640 | D:3      | Reached skill level 1 in Transmutations
  1640 | D:3      | Reached skill level 1 in Fire Magic
  1640 | D:3      | Reached skill level 1 in Ice Magic
  1640 | D:3      | Reached skill level 1 in Air Magic
  1640 | D:3      | Reached skill level 1 in Earth Magic
  1640 | D:3      | Reached skill level 1 in Poison Magic
  2392 | D:4      | Found a shimmering altar of Xom.
  2549 | D:4      | Noticed a phantom
  2566 | D:4      | Killed a phantom
  2567 | D:4      | Reached XP level 5. HP: 40/47 MP: 5/7
  2733 | D:4      | Noticed a black bear
  2846 | D:4      | Reached XP level 6. HP: 52/53 MP: 8/8
  2849 | D:4      | Found a staircase to the Ecumenical Temple.
  2859 | Temple   | Entered the Ecumenical Temple
  3018 | Temple   | Became a worshipper of Cheibriados the Contemplative
  3018 | Temple   | Reached * piety under Cheibriados
  3018 | Temple   | Reached ** piety under Cheibriados
  3164 | D:5      | Entered Level 5 of the Dungeon
  3206 | D:5      | Noticed an orc warrior
  3246 | D:4      | Killed a black bear
  3322 | D:5      | Reached XP level 7. HP: 60/60 MP: 10/10
  3492 | D:5      | Noticed Ijyb
  3783 | D:5      | Reached skill level 5 in Stealth
  3801 | D:5      | Reached *** piety under Cheibriados
  3839 | D:5      | Killed Ijyb
  3862 | D:5      | Found an iron altar of Okawaru.
  3862 | D:5      | Found a glowing silver altar of Zin.
  3969 | D:5      | Reached XP level 8. HP: 36/67 MP: 8/12
  4423 | D:6      | Learned a level 2 spell: Passwall
  5264 | D:7      | Reached XP level 9. HP: 70/73 MP: 14/14
  5579 | D:7      | Reached **** piety under Cheibriados
  5727 | D:7      | Reached skill level 5 in Invocations
  5756 | D:7      | Found a sacrificial altar of Ru.
  6000 | D:8      | Learned a level 2 spell: Ensorcelled Hibernation
  6002 | D:8      | Learned a level 1 spell: Summon Small Mammal
  6163 | D:8      | Learned a level 3 spell: Tukima's Dance
  6283 | D:8      | Reached skill level 5 in Short Blades
  6283 | D:8      | Reached skill level 5 in Long Blades
  6283 | D:8      | Reached skill level 5 in Axes
  6283 | D:8      | Reached skill level 5 in Polearms
  6283 | D:8      | Reached skill level 5 in Staves
  6283 | D:8      | Reached skill level 5 in Ranged Weapons
  6283 | D:8      | Reached skill level 5 in Throwing
  6283 | D:8      | Reached skill level 5 in Armour
  6283 | D:8      | Reached skill level 5 in Shields
  6283 | D:8      | Reached skill level 5 in Unarmed Combat
  6283 | D:8      | Reached skill level 5 in Spellcasting
  6283 | D:8      | Reached skill level 5 in Evocations
  6283 | D:8      | Reached XP level 10. HP: 81/81 MP: 17/17
  6394 | D:8      | Noticed Joseph
  6395 | D:8      | Reached skill level 5 in Conjurations
  6395 | D:8      | Reached skill level 5 in Hexes
  6395 | D:8      | Reached skill level 5 in Summonings
  6395 | D:8      | Reached skill level 5 in Necromancy
  6395 | D:8      | Reached skill level 5 in Translocations
  6395 | D:8      | Reached skill level 5 in Transmutations
  6395 | D:8      | Reached skill level 5 in Fire Magic
  6395 | D:8      | Reached skill level 5 in Ice Magic
  6395 | D:8      | Reached skill level 5 in Air Magic
  6395 | D:8      | Reached skill level 5 in Earth Magic
  6395 | D:8      | Reached skill level 5 in Poison Magic
  6395 | D:8      | Reached XP level 11. HP: 89/89 MP: 17/20
  6415 | D:8      | Killed Joseph
  6452 | D:8      | Noticed Maggie
  6469 | D:8      | Killed Maggie
  6551 | D:8      | Found a staircase to the Lair.
  6830 | D:9      | Learned a level 4 spell: Passage of Golubria
  6835 | D:9      | Learned a level 4 spell: Animate Armour
  7056 | D:9      | Noticed Psyche
  7091 | D:9      | Reached ***** piety under Cheibriados
  7504 | D:9      | Found Wyqegog's Jewellery Boutique.
  7705 | D:9      | Killed Psyche
  7903 | Lair:1   | Entered Level 1 of the Lair of Beasts
  8420 | Lair:1   | Noticed Harold
  8468 | Lair:1   | Killed Harold
  8698 | Lair:1   | Reached XP level 12. HP: 85/97 MP: 22/22
  8824 | Lair:1   | Noticed an eight-headed hydra
  8950 | Lair:1   | Noticed Erica
  8960 | Lair:1   | Killed Erica
  9203 | Lair:1   | Killed a five-headed hydra
  9204 | Lair:1   | Reached skill level 10 in Fighting
  9204 | Lair:1   | Reached skill level 10 in Maces & Flails
  9204 | Lair:1   | Reached skill level 10 in Dodging
 10064 | Lair:2   | Noticed a six-headed hydra
 10074 | Lair:2   | Killed a six-headed hydra
 10504 | Lair:3   | Found a transporter.
 10524 | Lair:3   | Found a transporter.
 10525 | Lair:3   | Noticed ripuliukko's ghost (journeyman GrEE)
 10817 | Lair:3   | Reached ****** piety under Cheibriados
 10859 | Lair:3   | Reached XP level 13. HP: 104/104 MP: 25/25
 10990 | Lair:3   | Found a staircase to the Shoals.
 11179 | Lair:3   | Found a hole to the Spider Nest.
 12457 | Lair:4   | Identified the ring "Gucit Sott" {Fire Will+ Int+4}
 12603 | Lair:4   | Reached skill level 10 in Stealth
 12806 | Lair:5   | Entered Level 5 of the Lair of Beasts
 12806 | Lair:5   | Found a viscous altar of Jiyva.
 12806 | Lair:5   | Found a staircase to the Slime Pits.
 12864 | Lair:5   | Reached skill level 10 in Invocations
 13000 | Lair:5   | Reached XP level 14. HP: 113/113 MP: 27/27
 13010 | Lair:5   | Identified the +3 leather armour of the Trees {Dex+2}
 13158 | Lair:5   | Found a runed translucent door.
 14078 | Lair:5   | Noticed a dire elephant
 14088 | Lair:5   | Killed a dire elephant
 14089 | Lair:5   | Reached skill level 10 in Short Blades
 14089 | Lair:5   | Reached skill level 10 in Long Blades
 14089 | Lair:5   | Reached skill level 10 in Axes
 14089 | Lair:5   | Reached skill level 10 in Polearms
 14089 | Lair:5   | Reached skill level 10 in Staves
 14089 | Lair:5   | Reached skill level 10 in Ranged Weapons
 14089 | Lair:5   | Reached skill level 10 in Throwing
 14089 | Lair:5   | Reached skill level 10 in Armour
 14089 | Lair:5   | Reached skill level 10 in Shields
 14089 | Lair:5   | Reached skill level 10 in Unarmed Combat
 14089 | Lair:5   | Reached skill level 10 in Spellcasting
 14089 | Lair:5   | Reached skill level 10 in Evocations
 14126 | Lair:5   | Got the Precepts of Elliptic Variation
 14669 | D:10     | Entered Level 10 of the Dungeon
 14674 | D:10     | Noticed Grum
 14689 | D:10     | Killed Grum
 14746 | D:10     | Found a white marble altar of Elyvilon.
 14753 | D:10     | Found an ancient bone altar of Kikubaaqudgha.
 14793 | D:10     | Noticed Josephine
 14837 | D:10     | Killed Josephine
 14970 | D:10     | Noticed Snorg
 14999 | D:10     | Killed Snorg
 15000 | D:10     | Reached XP level 15. HP: 73/120 MP: 26/29
 15526 | D:11     | Paralysed by a floating eye for 3 turns
 16670 | D:12     | Found a staircase to the Orcish Mines.
 17071 | D:13     | Found Ritomoreg's Changing Room.
 17270 | D:13     | Found a gate to the Vaults.
 17615 | D:13     | Found an opulent altar of Gozag.
 17838 | D:13     | Learned a level 6 spell: Eringya's Noxious Bog
 18472 | D:14     | Identified Roxanne's Grimoire of Forms
 18472 | D:14     | Noticed Roxanne
 18782 | D:15     | Entered Level 15 of the Dungeon
 18839 | D:15     | Found a staircase to the Depths.
 18839 | D:15     | Noticed Louise
 18844 | D:15     | Reached XP level 16. HP: 111/129 MP: 26/30
 18906 | D:15     | Noticed Nessos
 18915 | D:15     | Killed Nessos
 18939 | D:15     | Noticed Kirke
 18948 | D:15     | Killed Kirke
 19196 | D:14     | Learned a level 6 spell: Dispersal
 19245 | Orc:1    | Entered Level 1 of the Orcish Mines
 19296 | Orc:1    | Found a shimmering altar of Xom.
 19748 | Orc:2    | Entered Level 2 of the Orcish Mines
 20117 | Orc:2    | Found a staircase to the Elven Halls.
 20362 | Orc:2    | Found Nupoweb's General Store.
 20362 | Orc:2    | Found Gesch's Jewellery Boutique.
 20364 | Orc:2    | Found Boil's Antique Armour Shop.
 20366 | Orc:2    | Found Vulu's Antique Armour Shoppe.
 20614 | Orc:2    | Upgraded the game from 0.29.1-13-g9f3cf754e1 to
                  | 0.29.1-14-g9c671dbff4
 20939 | Lair:3   | Killed ripuliukko's ghost
 21348 | D:15     | Killed Louise
 21701 | D:15     | Found a portal to a secret trove of treasure.
 21957 | D:15     | Found the +8 demon blade "Leech" {vamp, Harm Drain rN+}
 21980 | D:15     | Learned a level 5 spell: Yara's Violent Unravelling
 22707 | Spider:1 | Entered Level 1 of the Spider Nest
 22761 | Spider:1 | Noticed Asterion
 22776 | Spider:1 | Killed Asterion
 22992 | Spider:1 | Reached XP level 17. HP: 137/137 MP: 18/32
 23097 | Spider:1 | Reached skill level 10 in Conjurations
 23097 | Spider:1 | Reached skill level 10 in Hexes
 23097 | Spider:1 | Reached skill level 10 in Summonings
 23097 | Spider:1 | Reached skill level 10 in Necromancy
 23097 | Spider:1 | Reached skill level 10 in Translocations
 23097 | Spider:1 | Reached skill level 10 in Transmutations
 23097 | Spider:1 | Reached skill level 10 in Fire Magic
 23097 | Spider:1 | Reached skill level 10 in Ice Magic
 23097 | Spider:1 | Reached skill level 10 in Air Magic
 23097 | Spider:1 | Reached skill level 10 in Earth Magic
 23097 | Spider:1 | Reached skill level 10 in Poison Magic
 23297 | Spider:1 | Found a one-way gate to the infinite horrors of the Abyss.
 23298 | Spider:1 | Got the Handbook of Pestilence and the Coals
 23299 | Spider:1 | Found a corrupted altar of Lugonu.
 23300 | Spider:1 | You fall into a shaft and drop 1 floor!
 23596 | Spider:1 | Noticed Frances
 23617 | Spider:1 | Killed Frances
 24853 | Spider:4 | Entered Level 4 of the Spider Nest
 24853 | Spider:4 | Noticed Mara
 24967 | Shoals:1 | Entered Level 1 of the Shoals
 25007 | Shoals:1 | Noticed Aizul
 25033 | Shoals:1 | Killed Aizul
 25856 | Shoals:2 | Found a runed translucent gate.
 25856 | Shoals:2 | Found a runed translucent gate.
 25856 | Shoals:2 | Found a runed translucent gate.
 25877 | Shoals:2 | Noticed xzight's ghost (adept MiBe)
 26092 | Shoals:2 | Found a runed translucent gate.
 26094 | Shoals:2 | Found a runed translucent gate.
 26095 | Shoals:2 | Found a runed translucent gate.
 26120 | Shoals:2 | Slain by a frost giant

Illustrated notes

Levels and vault maps discovered:
D:1:      dpeg_arrival_caged_fury, layout_loops_ring,
          nicolae_ecumenical_snake_handling
D:2:      layout_loops_cross, basic_altar, minmay_door_square
D:3:      layout_loops_corners
D:4:      layout_cave_pools, mainiacjoe_overflow_chevrons,
          minmay_temple_entry_nine_rooms, dreamdust_princess_bridge,
          minmay_misc_feat_tower, hangedman_abyss_or_decor_stabs
D:5:      layout_basic, gammafunk_temple_overflow_elements,
          nicolae_underground_beach, uniq_ijyb
D:6:      layout_basic
D:7:      layout_basic, mainiacjoe_overflow_alcove_2, hangedman_decor_riveting
D:8:      layout_gridville, david_lair_shrubbed, uniq_maggie, uniq_joseph
D:9:      layout_stronghold, serial_shops, nicolae_shop_advertising_works
          [nicolae_subvault_shop_adworks], uniq_psyche
D:10:     layout_cave_pools, mainiacjoe_overflow_big_doors, uniq_grum,
          uniq_josephine, uniq_snorg
D:11:     layout_cross, onia_ninara_cookie
D:12:     layout_long_grid, david_orc_5
D:13:     layout_cave_pods, lightli_vaults_fourway_checkpoint,
          nicolae_transmutations_shop, grunt_ministairs_9, grunt_gozag_statues
D:14:     layout_rooms, serial_glass, glass_columns_a, glass_columns_c,
          glass_columns_b, glass_columns_b, glass_columns_a, glass_columns_b,
          uniq_roxanne
D:15:     gammafunk_depths_entry_grave, layout_basic,
          nicolae_trove_entry_crossroad, uniq_kirke, uniq_nessos, uniq_louise
Temple:   eino_temple_scatter_basement
Lair:1:   layout_layer_cave, lemuel_fruit_fields, uniq_erica, uniq_harold
Lair:2:   layout_gridlike, serial_rivers, chequers_serial_rivers_small_3,
          chequers_serial_rivers_large_b, chequers_serial_rivers_micro_c,
          chequers_serial_rivers_small_3, chequers_serial_rivers_micro_b,
          chequers_serial_rivers_room_b, st_stairs_8
Lair:3:   layout_cave_pods, minmay_shoals_entry_beasts, spider_nest_entry_webs,
          gammafunk_ghost_hive, infiniplex_staircase_pool_2
Lair:4:   regret_index_harrowing_hell_hive, layout_gridlike,
          nicolae_quartered_pool_little
Lair:5:   wormcave, layout_hall_layers, hangedman_lair_in_review, slime_entry_1,
          minivault_23, st_stairs_8
Shoals:1: cheibrodos_shoals_three_sisters, layout_shoals, uniq_aizul
Shoals:2: layout_shoals, gammafunk_ghost_split, nicolae_shoals_beach_cooler
Spider:1: layout_spider_delve, amcnicky_altar_lugonu_corruption, uniq_frances,
          uniq_asterion
Spider:2: layout_spider_delve
Spider:3: layout_spider_delve, guppyfry_spider_mini_3
Spider:4: grunt_spider_rune_circles, uniq_mara, uniq_arachne
Orc:1:    layout_caves, basic_altar, abandoned_shop, mines_bat_river
Orc:2:    st_orc_rangers, layout_diamond_mine, basic_altar

Skill      XL: |  1  2  3  4  5  6  7  8  9 10 11 12 13 14 15 16 17 |
---------------+----------------------------------------------------+-----
Invocations    | 1 2 3 4 5 7 8 9 10 11 12 13 | 13.5
Short Blades   | 1 2 3 5 6 7 8 9 10 11 12 | 12.4
Long Blades    | 1 2 3 5 6 7 8 9 10 11 12 | 12.4
Axes           | 1 2 3 5 6 7 8 9 10 11 12 | 12.4
Polearms       | 1 2 3 5 6 7 8 9 10 11 12 | 12.4
Staves         | 1 2 3 5 6 7 8 9 10 11 12 | 12.4
Ranged Weapons | 1 2 3 5 6 7 8 9 10 11 12 | 12.4
Throwing       | 1 2 3 5 6 7 8 9 10 11 12 | 12.4
Armour         | 1 2 3 5 6 7 8 9 10 11 12 | 12.4
Shields        | 1 2 3 5 6 7 8 9 10 11 12 | 12.4
Unarmed Combat | 1 2 3 5 6 7 8 9 10 11 12 | 12.4
Spellcasting   | 1 2 3 5 6 7 8 9 10 11 12 | 12.4
Evocations     | 1 2 3 5 6 7 8 9 10 11 12 | 12.4
Conjurations   | 1 2 3 4 5 6 7 8 9 10 | 10.5
Hexes          | 1 2 3 4 5 6 7 8 9 10 | 10.5
Summonings     | 1 2 3 4 5 6 7 8 9 10 | 10.5
Necromancy     | 1 2 3 4 5 6 7 8 9 10 | 10.5
Translocations | 1 2 3 4 5 6 7 8 9 10 | 10.5
Transmutations | 1 2 3 4 5 6 7 8 9 10 | 10.5
Fire Magic     | 1 2 3 4 5 6 7 8 9 10 | 10.5
Ice Magic      | 1 2 3 4 5 6 7 8 9 10 | 10.5
Air Magic      | 1 2 3 4 5 6 7 8 9 10 | 10.5
Earth Magic    | 1 2 3 4 5 6 7 8 9 10 | 10.5
Poison Magic   | 1 2 3 4 5 6 7 8 9 10 | 10.5
Fighting       | 7 8 9 10 11 12 13 | 13.9
Maces & Flails | 7 8 9 10 11 12 13 | 13.9
Dodging        | 7 8 9 10 11 12 13 | 13.9
Stealth        | 5 6 7 8 9 10 11 12 13 | 13.1

Action                   |  1- 3 |  4- 6 |  7- 9 | 10-12 | 13-15 | 16-18 || total
-------------------------+-------+-------+-------+-------+-------+-------++-------
Melee: Mace              |    18 |       |       |       |       |       ||    18
       Flail             |    75 |   135 |   394 |    22 |       |       ||   626
       Bite              |     7 |    19 |    64 |    41 |   180 |   124 ||   435
       Punch             |     1 |     3 |    14 |     4 |    11 |     7 ||    40
       Dagger            |       |     1 |     3 |     3 |     9 |     3 ||    19
       Quarterstaff      |       |       |       |   206 |   582 |       ||   788
       Scimitar          |       |       |       |    18 |   211 |    99 ||   328
       Great mace        |       |       |       |       |    52 |   188 ||   240
       Demon blade       |       |       |       |       |       |   435 ||   435
 Fire: Sling             |       |    22 |    33 |       |       |       ||    55
       Shortbow          |       |       |    26 |   112 |   180 |       ||   318
       Longbow           |       |       |       |       |    65 |   197 ||   262
Throw: Stone             |     3 |       |       |       |       |       ||     3
       Boomerang         |       |     3 |       |     6 |    10 |    11 ||    30
 Cast: Ensorcelled Hiber |       |       |     2 |       |       |       ||     2
       Tukima's Dance    |       |       |       |     2 |       |     1 ||     3
       Animate Armour    |       |       |       |     7 |    62 |    28 ||    97
       Eringya's Noxious |       |       |       |       |       |    26 ||    26
       Passwall          |       |       |       |       |       |    11 ||    11
       Passage of Golubr |       |       |       |       |       |     3 ||     3
Invok: Bend Time         |       |     1 |     3 |     2 |       |       ||     6
       Temporal Distorti |       |       |       |     1 |     2 |       ||     3
       Step From Time    |       |       |       |       |       |     1 ||     1
       Slouch            |       |       |       |       |       |     1 ||     1
Evoke: Wand              |       |       |       |       |       |     1 ||     1
  Use: Scroll            |     1 |     4 |     8 |     5 |    11 |     2 ||    31
       Potion            |       |       |       |     1 |       |       ||     1
 Stab: Sleeping          |    10 |     2 |     3 |     3 |    11 |    15 ||    44
       Distracted        |       |       |       |    10 |    29 |     4 ||    43
       Petrified         |       |       |       |       |     2 |       ||     2
       Betrayed ally     |       |       |       |       |     1 |       ||     1
Armor: Robe              |     7 |       |       |       |       |       ||     7
       Ring mail         |     9 |     9 |       |       |       |       ||    18
       Scale mail        |       |    47 |   165 |    23 |       |       ||   235
       Swamp dragon scal |       |       |       |    42 |   287 |   166 ||   495
       Leather armour    |       |       |       |       |       |     9 ||     9
Dodge: Dodged            |    47 |    96 |   410 |   214 |   998 |  1015 ||  2780
Block: Kite shield       |       |       |       |       |    76 |   521 ||   597
